 Dungeon Crawl Stone Soup version 0.20-a0-1116-gaa52201 (webtiles) character file.

1067 JeffiDaFish the Shield-Bearer (level 8, -12/49 HPs)
             Began as a Gargoyle Fighter on May 8, 2017.
             Was a Follower of Okawaru.
             Killed by divine providence
             ... invoked by an orc priest
              (16 damage)
             ... on level 6 of the Dungeon.
             The game lasted 00:09:07 (3481 turns).

JeffiDaFish the Shield-Bearer (Gargoyle Fighter)    Turns: 3481, Time: 00:09:08

Health: -12/49     AC: 17    Str: 19    XL:     8   Next: 28%
Magic:  8/8        EV:  4    Int: 10    God:    Okawaru [*.....]
Gold:   295        SH: 11    Dex: 11    Spells: 7/7 levels left

rFire    . . .     SeeInvis .   a - +1 flail
rCold    . . .     Gourm    .   c - +1 shield
rNeg     + + .     Faith    .   o - +0 plate armour
rPois    ∞         Spirit   .   (no helmet)
rElec    +         Reflect  .   (no cloak)
rCorr    .         Harm     .   (no gloves)
MR       .....                  (no boots)
Stlth    ..........             (no amulet)
Regen    0.2/turn               e - ring of positive energy
MPRegen  0.2/turn               (no ring)

@: no status effects
A: negative energy resistance 1, electricity resistance, unbreathing,
petrification resistance, rot immunity, AC +5
a: Heroism, Renounce Religion


You were on level 6 of the Dungeon.
You worshipped Okawaru.
Okawaru was aware of your devotion.
You were not hungry.

You visited 1 branch of the dungeon, and saw 5 of its levels.

You collected 295 gold pieces.

Inventory:

Hand Weapons
 a - a +1 flail (weapon)
Armour
 c - a +1 shield (worn)
 o - a +0 plate armour (worn)
Jewellery
 e - a ring of positive energy (left hand)
Scrolls
 g - a scroll of identify
 m - a scroll of enchant weapon
 n - a scroll of remove curse
Potions
 i - 2 potions of flight
Comestibles
 b - 6 fruits
 d - 4 chunks of flesh
 f - 2 bread rations
 h - 3 royal jellies
 l - 2 meat rations


   Skills:
 + Level 5.0 Fighting
 + Level 6.1 Maces & Flails
 + Level 5.0 Armour
 + Level 1.3 Dodging
 + Level 0.5 Stealth
 + Level 6.4 Shields


You had 7 spell levels left.
You didn't know any spells.

Dungeon Overview and Level Annotations

Branches:
Dungeon (4/15)
 Temple: D:4-7

Altars:
Gozag
Kikubaaqudgha
Nemelex Xobeh
Okawaru
Qazlal
Sif Muna


Innate Abilities, Weirdness & Mutations

You are resistant to torment.
Your stone body is resilient. (AC +5)
You are immune to poison.
You resist negative energy. (rN+)
You are resistant to electric shocks. (rElec)
You can survive without breathing.
You are immune to petrification.
You are immune to rotting.


Message History

You closely miss the orc warrior. You block the orc warrior's attack.
Your plate armour prevents you from hitting the orc warrior.
The orc throws a tomahawk.
The tomahawk hits you but does no damage.
You hit the orc warrior.
The orc warrior is lightly wounded.
You block the orc warrior's attack.
The orc throws a tomahawk.
The tomahawk hits you but does no damage.
You barely miss the orc warrior.
The orc warrior is lightly wounded.
The orc warrior hits you with a scimitar.
* * * LOW HITPOINT WARNING * * *
You hit the orc warrior.
The orc warrior is moderately wounded.
The orc warrior hits you with a scimitar.
* * * LOW HITPOINT WARNING * * *
You block the orc's attack.
The orc priest mumbles some strange prayers to Beogh against you.
Beogh smites you!
You die...

.. ........... ...
...................#
##...................
......>.o...........
..........5........ ...
.............. #.#
#.........#..
...###@####o.....#.###.
.......ooo§§o(.......##.
...#.##§#####.....#.....
# #.. #.....#.#### #.#
#.......# ## ..
####....###. ...
#.....##. ... #####....
.... ####.


You could see an orc warrior, an orc priest and an orc.

Vanquished Creatures
  The ghost of Treemains the Conjurer, an amateur DECj (D:4)
  Sigmund (D:2)
  A black bear (D:6)
  An ogre (D:4)
  3 bullfrogs
  A big kobold (D:4)
  2 orc priests
  An orc wizard (D:4)
  An iguana (D:6)
  2 worker ants (D:4)
  4 gnolls (D:3)
  7 adders
  An ooze (D:2)
  2 worms
  A dart slug (D:2)
  4 leopard geckos
  3 orcs (D:4)
  4 bats
  4 giant cockroaches
  11 goblins
  5 hobgoblins
  3 jackals (D:2)
  6 kobolds
  2 quokkas
  A ball python (D:2)
  4 frilled lizards
  A quokka zombie (D:6)
  5 rats
82 creatures vanquished.

Notes
Turn   | Place    | Note
-------+----------+-------------------------------------------
     0 | D:1      | JeffiDaFish the Gargoyle Fighter began the quest for the Orb.
     0 | D:1      | Reached XP level 1. HP: 14/14 MP: 1/1
   120 | D:1      | Reached XP level 2. HP: 16/19 MP: 2/2
   742 | D:2      | Reached XP level 3. HP: 19/23 MP: 3/3
   780 | D:2      | Noticed Sigmund
   810 | D:2      | Killed Sigmund
   810 | D:2      | Reached skill level 1 in Dodging
   810 | D:2      | Reached XP level 4. HP: 3/29 MP: 4/4
   810 | D:2      | Reached XP level 5. HP: 3/33 MP: 5/5
  1565 | D:2      | Reached XP level 6. HP: 32/38 MP: 6/6
  1656 | D:2      | Found an opulent altar of Gozag.
  1663 | D:2      | Found a sparkling altar of Nemelex Xobeh.
  1665 | D:2      | Found a stormy altar of Qazlal.
  1684 | D:2      | Found an iron altar of Okawaru.
  1692 | D:2      | Became a worshipper of Warmaster Okawaru
  1698 | D:2      | Found an ancient bone altar of Kikubaaqudgha.
  1910 | D:3      | Reached skill level 5 in Shields
  2211 | D:4      | Noticed Treemains's ghost (amateur DECj)
  2216 | D:4      | Killed Treemains's ghost
  2216 | D:4      | Reached XP level 7. HP: 43/43 MP: 7/7
  2662 | D:4      | Reached skill level 5 in Maces & Flails
  2834 | D:4      | Reached * piety under Okawaru
  3200 | D:4      | You fall through a shaft for 2 floors!
  3202 | D:6      | Found a deep blue altar of Sif Muna.
  3253 | D:6      | Reached XP level 8. HP: 32/48 MP: 8/8
  3271 | D:6      | Reached skill level 5 in Fighting
  3271 | D:6      | Reached skill level 5 in Armour
  3481 | D:6      | Killed from afar by an orc priest

Vault maps used:
D:1:      dpeg_arrival_simpleton_c, hangedman_decor_growths, kennysheep_doodads,
          minmay_pentomino_z2
D:2:      minmay_overflow_temple_star_hex, first_bread, uniq_sigmund
D:6:      lemuel_crystal_altar

Skill      XL: |  1  2  3  4  5  6  7  8 |
---------------+-------------------------+-----
Maces & Flails | 3 4 5 6 |  6.1
Armour         | 4 5 |  5.0
Dodging        | 1 |  1.3
Shields        | 4 5 6 |  6.4
Fighting       | 4 5 |  5.0
Stealth        | |  0.5

Action                   |  1- 3 |  4- 6 |  7- 9 || total
-------------------------+-------+-------+-------++-------
Melee: Flail             |    95 |   133 |   180 ||   408
  Use: Scroll            |     7 |     2 |     3 ||    12
       Potion            |     3 |     2 |     1 ||     6
  Eat: Chunk             |       |     4 |     5 ||     9
Armor: Scale mail        |    49 |    22 |       ||    71
       Chain mail        |       |    56 |    42 ||    98
       Plate armour      |       |       |    80 ||    80
Dodge: Dodged            |    26 |    24 |    38 ||    88
Block: Shield            |    52 |    68 |   114 ||   234
